 Dungeon Crawl Stone Soup version 0.28.0-53-g5a82cb258f (console) character file.

Game seed: 791097525793260209

3 Cab the Skirmisher (level 1, -3/18 HPs)
             Began as a Demonspawn Fighter on Aug 21, 2022.
             Frozen to death by an endoplasm (4 damage)
             ... on level 1 of the Dungeon.
             The game lasted 00:00:16 (118 turns).

Cab the Skirmisher (Demonspawn Fighter)              Turns: 118, Time: 00:00:16

Health: -3/18      AC:  6    Str: 16    XL:     1   Next: 41%
Magic:  1/1        EV:  8    Int:  9    God:
Gold:   7          SH:  4    Dex: 12    Spells: 0/0 levels left

rFire   . . .      SeeInvis .   a - +0 war axe
rCold   . . .      Faith    .   c - +0 buckler
rNeg    . . .      Spirit   .   b - +0 scale mail
rPois   .          Reflect  .   (no helmet)
rElec   .          Harm     .   (no cloak)
rCorr   .          Rampage  .   (no gloves)
Will    .....                   (no boots)
Stlth   ..........              (no amulet)
HPRegen 0.06/turn               (no ring)
MPRegen 0.07/turn               (no ring)

@: no status effects
A: no striking features
a: no special abilities


You were on level 1 of the Dungeon.
You visited 1 branch of the dungeon, and saw 1 of its levels.

You collected 7 gold pieces.

Inventory:

Hand Weapons
 a - a +0 war axe (weapon)
Armour
 b - a +0 scale mail (worn)
 c - a +0 buckler (worn)
Potions
 d - a potion of might


   Skills:
 - Level 3.0 Fighting
 + Level 2.1 Axes
 - Level 2.6 Armour
 - Level 2.6 Shields


You couldn't memorise any spells.
You didn't know any spells.
Your spell library was empty.

Dungeon Overview and Level Annotations

Branches:
Dungeon (1/15)

Altars:


Message History

You are too injured to fight recklessly!
You are too injured to fight recklessly!
You are too injured to fight recklessly!
You are too injured to fight recklessly!
You are too injured to fight recklessly!
You are too injured to fight recklessly!
You are too injured to fight recklessly!
An endoplasm is nearby!
You are too injured to fight recklessly!
You are too injured to fight recklessly!
You are too injured to fight recklessly!
You are too injured to fight recklessly!
You are too injured to fight recklessly!
You are too injured to fight recklessly!
You are too injured to fight recklessly!
You are too injured to fight recklessly!
You are too injured to fight recklessly!
You are too injured to fight recklessly!
You are too injured to fight recklessly!
You are too injured to fight recklessly!
You are too injured to fight recklessly!
You are too injured to fight recklessly!
You hit the endoplasm.
The endoplasm is severely wounded.
The endoplasm freezes you.
You are frozen.
You hit the endoplasm but do no damage.
The endoplasm is severely wounded.
The endoplasm closely misses you.
The endoplasm hits you but does no damage.
You hit the endoplasm.
The endoplasm is almost dead.
The endoplasm freezes you.
You are frozen.
* * * LOW HITPOINT WARNING * * *
You hit the endoplasm but do no damage.
The endoplasm is almost dead.
The endoplasm freezes you.
You are frozen.
You die... ∙∙∙∙∙∙∙∙∙∙∙∙∙∙∙∙∙∙▒▒▒∙∙ ∙∙∙∙∙∙∙∙∙∙∙∙∙∙∙∙∙∙∙∙∙∙

▒
∙∙∙∙∙∙∙∙∙∙∙∙∙∙∙∙∙∙∙∙∙▒∙▒▒
'▒▒▒∙∙∙∙∙∙∙∙∙∙∙∙∙∙∙∙∙▒∙∙▒▒
'▒▒▒∙∙∙∙∙∙∙∙∙∙ ∙∙∙∙∙▒∙∙∙∙▒
∙▒∙▒∙∙∙∙∙∙∙∙∙ ▒∙∙∙∙∙▒
∙▒▒▒∙∙∙∙∙∙∙∙∙ ▒∙∙∙∙∙▒
∙▒d▒▒∙∙∙▒▒▒▒▒▒▒▒▒J∙∙∙∙▒
∙▒▒▒▒∙∙∙∙∙∙∙∙∙∙∙@∙∙∙∙∙▒
∙▒g▒▒▒∙∙∙∙∙∙∙∙∙∙∙∙∙∙∙∙▒▒
∙▒▒▒ ▒∙∙∙∙∙∙∙∙∙∙∙∙∙∙∙∙∙▒
∙▒N▒ ▒∙∙∙∙∙∙∙∙∙∙∙∙∙∙∙∙∙▒
∙▒▒▒ ▒∙∙∙∙∙∙∙∙∙∙∙∙∙∙∙∙∙▒
∙▒x▒ ▒▒▒▒▒∙∙∙▒∙∙∙∙∙∙∙∙∙▒
∙▒▒▒ ▒∙∙∙▒▒▒∙∙∙∙∙∙∙∙▒ ∙▒p▒
▒%∙∙▒ ▒∙∙∙∙∙∙∙∙▒ ∙▒▒▒
▒∙∙∙▒ ▒∙∙∙∙∙∙∙∙▒


You could see an endoplasm.

Vanquished Creatures
  A bat (D:1)
  A hobgoblin (D:1)
  A rat (D:1)
3 creatures vanquished.

Notes
Turn   | Place    | Note
-------+----------+-------------------------------------------
     0 | D:1      | Cab the Demonspawn Fighter began the quest for the Orb.
     0 | D:1      | Reached XP level 1. HP: 18/18 MP: 1/1
     2 | D:1      | Noticed a felid
     4 | D:1      | Noticed an elf
     4 | D:1      | Noticed a merfolk
     6 | D:1      | Noticed a ghoul
     8 | D:1      | Noticed a spriggan
    10 | D:1      | Noticed a vampire
    12 | D:1      | Noticed a demonspawn
    14 | D:1      | Noticed a minotaur
    14 | D:1      | Noticed a tengu
    16 | D:1      | Noticed a vine stalker
    16 | D:1      | Noticed a demigod
    18 | D:1      | Noticed a troll
    18 | D:1      | Noticed an octopode
    20 | D:1      | Noticed an ogre
    20 | D:1      | Noticed a naga
    22 | D:1      | Noticed a gargoyle
    22 | D:1      | Noticed a dwarf
    24 | D:1      | Noticed a formicid
    24 | D:1      | Noticed a draconian
    26 | D:1      | Noticed a human
   118 | D:1      | Frozen to death by an endoplasm

Illustrated notes

Levels and vault maps discovered:
D:1:      kb_arrival_jail, layout_basic, chequers_ecumenical_altar_twisty,
          minmay_vboxes

Skill      XL: |  1 |
---------------+----+-----
Axes           | 2 |  2.1
Fighting       | |  3.0
Armour         | |  2.6
Shields        | |  2.6

Action                   || total
-------------------------++-------
Melee: War axe           ||    11
Armor: Scale mail        ||     4
Dodge: Dodged            ||     3
Block: Buckler           ||     1
